 Dungeon Crawl Stone Soup version 0.31-a0-198-g2ad674f65e (webtiles) character file.

Game seed: 10397573221380600475

4 qw the Shooter (level 1, 0/12 HPs)
             Began as a Deep Elf Hunter on June 25, 2023.
             Slain by a giant cockroach (2 damage)
             ... on level 1 of the Dungeon.
             The game lasted 00:00:01 (44 turns).

qw the Shooter (Deep Elf Hunter)                      Turns: 44, Time: 00:00:02

Health: 0/12       AC:  3    Str:  8    XL:     1   Next: 50%
Magic:  3/3        EV: 12    Int: 13    God:
Gold:   13         SH:  0    Dex: 18    Spells: 0/0 levels left

rFire   . . .        a - +0 shortbow
rCold   . . .        (shield currently unavailable)
rNeg    . . .        c - +0 leather armour
rPois   .            (no helmet)
rElec   .            (no cloak)
rCorr   .            (no gloves)
SInv    .            (no boots)
Will    .....        (no amulet)
Stlth   ++           (no ring)
HPRegen 0.22/turn    (no ring)
MPRegen 0.08/turn

%: no passive effects
@: no status effects
A: no striking features
a: no special abilities


You were on level 1 of the Dungeon.
You visited 1 branch of the dungeon, and saw 1 of its levels.

You collected 13 gold pieces.


   Skills:
 - Level 1.5 Fighting
 + Level 5.6 Ranged Weapons
 - Level 2.4 Dodging
 - Level 1.2 Stealth


You couldn't memorise any spells.
You didn't know any spells.
Your spell library was empty.

Inventory:

Hand Weapons
 a - a +0 shortbow (weapon)
Armour
 c - a +0 leather armour (worn)
Scrolls
 b - a scroll of butterflies
 d - a scroll of revelation {unknown}

Dungeon Overview and Level Annotations

Branches:
Dungeon (1/15)

Altars:


Message History

A quokka comes into view.
The quokka moves out of view.
d - a scroll labelled GOTEON YLABLEH A kobold comes into view.
It is wielding a +0 dagger.
You shoot an arrow. The arrow hits the quokka.
You kill the quokka!
You shoot an arrow.
The arrow hits the kobold but does no damage.
The kobold shouts!
You shoot an arrow. The arrow hits the kobold.
You kill the kobold!
A giant cockroach and a kobold come into view.
The giant cockroach moves out of view.
You shoot an arrow. The arrow closely misses the kobold.
The kobold shouts!
A quokka comes into view.
You see here a quokka corpse.
You shoot an arrow. The arrow barely misses the kobold.
You shoot an arrow. The arrow misses the kobold.
You shoot an arrow.
The arrow hits the quokka but does no damage.
The quokka bites you but does no damage.
The quokka barely misses you.
You shoot an arrow. The arrow closely misses the kobold.
The quokka bites you. The kobold hits you but does no damage.
You shoot an arrow. The arrow hits the kobold.
The kobold is severely wounded.
The quokka bites you. The kobold hits you with a +0 whip.
The quokka closely misses you.
You shoot an arrow. The arrow hits the kobold.
You kill the kobold!
The quokka bites you.
You shoot an arrow.
The arrow closely misses the giant cockroach.
The quokka bites you. The giant cockroach closely misses you.
You shoot an arrow. The arrow hits the giant cockroach.
The giant cockroach is severely wounded.
The quokka bites you but does no damage.
The giant cockroach bites you.
You die...

.. .#. #.....
.# #.# #. .#
.)... #.#
.###.#. #..# .
......^ ... ..
#.....r#.###.#
#.B@.....#
###..#...#.
#........
##.##.....
####..# .##..
#....## # .
##.#### #..# #
##.##


You could see a quokka and a giant cockroach.

Vanquished Creatures
  2 kobolds (D:1)
  A quokka (D:1)
3 creatures vanquished.

Notes
Turn   | Place    | Note
-------+----------+-------------------------------------------
     0 | D:1      | qw the Deep Elf Hunter began the quest for the Orb.
     0 | D:1      | Reached XP level 1. HP: 12/12 MP: 3/3
     0 | D:1      | 0 ||| qw: Version: 0.3-a-22-g0ed2b0b
     0 | D:1      | 0 ||| qw: Game counter: 5093
     0 | D:1      | 0 ||| qw: Melee chars always use a shield: true
     0 | D:1      | 0 ||| qw: God list: Okawaru
     0 | D:1      | 0 ||| qw: Allow faded altars: false
     0 | D:1      | 0 ||| qw: Do Orc after clearing Dungeon:15 true
     0 | D:1      | 0 ||| qw: Do second Lair branch before Depths: true
     0 | D:1      | 0 ||| qw: Lair rune preference: random
     0 | D:1      | 0 ||| qw: Goals: Normal
     0 | D:1      | 0 ||| PLANNING D:1-11
    43 | D:1      | HP: 2/12 [quokka (3)]
    44 | D:1      | Slain by a giant cockroach

Levels and vault maps discovered:
D:1:      amcnicky_arrival_choice, layout_rooms, serial_glass, glass_columns_a,
          glass_columns_b, item_on_display_a, feat_on_display, serial_shops,
          nicolae_shop_statue_plus

Action                     || total
---------------------------++-------
   Fire: Shortbow          ||    12
 Armour: Leather armour    ||     3
  Dodge: Dodged            ||     3

Table legend:
 A = Non-vault XP
 B = Vault XP
 C = Vault XP percentage of total XP
 D = Non-vault monster count
 E = Vault monster count
 F = Vault count percentage of total count
                 A         B        C        D         E       F
            +---------+---------+-------+---------+---------+-------
      Total |       6 |       0 |   0.0 |       3 |       0 |   0.0
            +---------+---------+-------+---------+---------+-------
        D:1 |       6 |       0 |   0.0 |       3 |       0 |   0.0
            +---------+---------+-------+---------+---------+-------
